 Dungeon Crawl Stone Soup version 0.28-a0-381-g937acc2988 (webtiles) character file.

Game seed: 15178573656075719486

87 omnomnOMINOUS the Ducker (level 4, 0/29 HPs)
             Began as an Octopode Wanderer on Sept 1, 2021.
             Was a Believer of Jiyva.
             Slain by a ball python (2 damage)
             ... on level 3 of the Dungeon.
             The game lasted 00:04:40 (2626 turns).

omnomnOMINOUS the Ducker (Octopode Wanderer)        Turns: 2626, Time: 00:04:40

Health: 0/29       AC:  1    Str:  9    XL:     4   Next: 51%
Magic:  2/5        EV: 11    Int: 14    God:    Jiyva [**....]
Gold:   5          SH:  0    Dex: 14    Spells: 4/5 levels left

rFire   . . .      SeeInvis .   a - +0 dagger (drain)
rCold   . . .      Faith    .   (no shield)
rNeg    . . .      Spirit   .   (helmet restricted)
rPois   .          Reflect  .   (no amulet)
rElec   .          Harm     .   g - ring of resist corrosion
rCorr   +          Rampage  .   (no ring)
Will    .....                   (no ring)
Stlth   ++........              (no ring)
HPRegen 0.09/turn               (no ring)
MPRegen 0.09/turn               (no ring)
                                (no ring)
                                (no ring)

@: constricted
A: almost no armour, amphibious, 8 rings, camouflage 1, gelatinous body 1,
(nimble swimmer 1), tentacles
a: Renounce Religion, Request Jelly


You were on level 3 of the Dungeon.
You worshipped Jiyva.
Jiyva was pleased with you.
You visited 1 branch of the dungeon, and saw 3 of its levels.

You collected 60 gold pieces.
You spent 55 gold pieces at shops.

Inventory:

Hand Weapons
 a - a +0 dagger of draining (weapon)
Jewellery
 g - a ring of resist corrosion (left tentacle)
Scrolls
 c - a scroll of teleportation
 d - a scroll of noise {unknown}
 e - a scroll of torment {unknown}
 f - a scroll of enchant weapon {unknown}
 h - a scroll of amnesia {unknown}
 i - a scroll of identify {unknown}


   Skills:
 + Level 2.1 Fighting
 + Level 3.9 Dodging
 - Level 2.0 Shields
 - Level 1.0 Spellcasting
 - Level 2.0 Conjurations
 - Level 2.0 Transmutations
 - Level 2.0 Fire Magic


You had 4 spell levels left.
You knew the following spells:

 Your Spells              Type           Power      Damage    Failure   Level
a - Foxfire               Conj/Fire      24%        2x1d5     12%         1

Your spell library contained the following spells:

 Spells                   Type           Power      Damage    Failure   Level
 Conjure Flame            Conj/Fire      6%         6-21      34%         3
 Slow                     Hex            0%         N/A       36%         2
 Inner Flame              Hex/Fire       3%         N/A       45%         3
 Confusing Touch          Hex            0%         N/A       61%         3
 Vampiric Draining        Necr           0%         2d6       61%         3
 Sticky Flame             Conj/Fire      6%         2d3       75%         4
 Fireball                 Conj/Fire      3%         3d4       97%         5


Dungeon Overview and Level Annotations

Branches:
Dungeon (3/15)

Altars:
Elyvilon
Nemelex Xobeh
Jiyva

Shops:
D:2 !


Innate Abilities, Weirdness & Mutations

You cannot wear most types of armour.
You are amphibious.
You can wear up to eight rings at the same time.
Your skin changes colour to match your surroundings (Stealth+).
Your rubbery body absorbs attacks. (AC +1, EV +1)
((You are camouflaged near water. (Stealth+)))
You have tentacles for arms and can constrict up to eight enemies at once.


Message History

The ball python grabs you. The ball python constricts you.
The orc priest hits you with a +1 hand axe of electrocution.
The ball python barely misses you. The ball python constricts you.
Okay, then.
Unknown command.
You feel much better.
You constrict the orc priest, but do no damage.
The ball python bites you. The ball python constricts you.
The orc priest hits you with a +1 hand axe of electrocution.
You hit the orc priest.
The orc priest is severely wounded.
You constrict the orc priest, but do no damage.
The ball python bites you. The ball python constricts you.
The orc priest closely misses you.
You hit the orc priest but do no damage.
The orc priest is severely wounded.
You constrict the orc priest. The ball python bites you.
The ball python constricts you.
The orc priest hits you with a +1 hand axe of electrocution.
* * * LOW HITPOINT WARNING * * *
You hit the orc priest. You drain the orc priest.
You kill the orc priest!
The ball python bites you.
* * * LOW HITPOINT WARNING * * *
The ball python constricts you.
* * * LOW HITPOINT WARNING * * *
Your Fighting skill increases to level 2!
You have reached level 4!
You aren't carrying any potions.
Okay, then.
Unknown command.
You aren't carrying any items that you can evoke.
Unknown command.
Unknown command.
You hit the ball python but do no damage.
Your grab misses the ball python. The ball python barely misses you.
The ball python constricts you.
* * * LOW HITPOINT WARNING * * *
The ball python bites you.
You die...

####### #.....# #.....#
############.....#
...o...ยง.........#
#########.##.....#
##############.###.####
.#...#...#..J..)@.>#
..#.J#..#..####S##.#
...#.#.#...........#
....###.....#.J..#.#
...............#.#.#
##.....J.###...#.J.#
#.#..J..#.#.#..##..#
#..#J..#..#..#.##..#
#...#.#...#...###..##


You could see a ball python and 2 neutral jellies (fellow slime).

Vanquished Creatures
  An orc priest (D:3)
  An adder (D:3)
  A gnoll (D:2)
  2 worms
  3 orcs (D:3)
  5 ball pythons
  2 endoplasms (D:1)
  2 goblins (D:1)
  A hobgoblin (D:2)
  2 jackals (D:3)
  3 quokkas
  2 bats
  3 frilled lizards
  2 kobolds
  A rat (D:3)
31 creatures vanquished.

Vanquished Creatures (others)
  A water moccasin (D:3)
  2 jellies (D:3)
  An orc priest (D:3)
  3 worms
  A dart slug (D:2)
  3 orcs (D:3)
  3 goblins
  A jackal (D:3)
  A ball python (D:2)
  A bat (D:2)
  2 frilled lizards
  A kobold (D:3)
  2 rats (D:3)
  25 foxfires
47 creatures vanquished.

Grand Total: 78 creatures vanquished

Notes
Turn   | Place    | Note
-------+----------+-------------------------------------------
     0 | D:1      | omnomnOMINOUS the Octopode Wanderer began the quest for the
                  | Orb.
     0 | D:1      | omnomnOMINOUS set off with the following items: a +0
                  | dagger, a potion of lignification, a scroll of
                  | teleportation; and the following spell memorised: Foxfire;
                  | and the following spells available to memorise: Conjure
                  | Flame, Inner Flame, Sticky Flame, Fireball
     0 | D:1      | Reached XP level 1. HP: 11/11 MP: 2/2
   209 | D:1      | Reached skill level 1 in Conjurations
   209 | D:1      | Reached XP level 2. HP: 18/18 MP: 1/3
   486 | D:1      | Found a faded altar of an unknown god.
   495 | D:1      | Became a worshipper of Jiyva Juroqet the Shapeless
   495 | D:1      | Reached * piety under Jiyva
   757 | D:2      | Reached skill level 1 in Fighting
  1080 | D:2      | Reached XP level 3. HP: 22/23 MP: 4/4
  1087 | D:2      | Found Jismuf's Distillery.
  1336 | D:2      | Bought a potion of heal wounds for 55 gold pieces
  1800 | D:2      | Found a sparkling altar of Nemelex Xobeh.
  1926 | D:3      | Reached ** piety under Jiyva
  2040 | D:3      | Killed a water moccasin
  2274 | D:3      | Found a white marble altar of Elyvilon.
  2626 | D:3      | Reached XP level 4. HP: 3/29 MP: 2/5
  2626 | D:3      | Slain by a ball python

Illustrated notes

Levels and vault maps discovered:
D:1:      dpeg_arrival_pits, layout_loops_ring,
          hellmonk_ecumenical_altar_zigzags
D:2:      layout_basic, basic_altar, serial_shops, shop, minivault_24,
          minmay_tiny_reverse_x
D:3:      layout_basic, lemuel_doored_altar, grunt_ministairs_15,
          corexii_leaking_fountain, hangedman_decor_diamond_cutter

Skill      XL: |  1  2  3 |
---------------+----------+-----
Conjurations   | 1 2 |  2.0
Fighting       | 1 2 |  2.1
Dodging        | |  3.9
Shields        | |  2.0
Spellcasting   | |  1.0
Transmutations | |  2.0
Fire Magic     | |  2.0

Action                   |  1- 3 |  4- 6 || total
-------------------------+-------+-------++-------
Melee: Dagger            |    57 |     1 ||    58
       Constrict         |    14 |       ||    14
       Tentacles         |     6 |       ||     6
 Cast: Foxfire           |    18 |       ||    18
  Use: Potion            |     2 |       ||     2
 Stab: Sleeping          |     4 |       ||     4
Armor: Skin              |     5 |       ||     5
Dodge: Dodged            |    27 |     1 ||    28

Table legend: (Time is in decaauts)
 A = Elapsed time spent in this place.
 B = Non-inter-level travel time spent in this place.
 C = Inter-level travel time spent in this place.
 D = Time resting spent in this place.
 E = Time spent auto-exploring this place.
 F = Levels seen in this place.
 G = Mean time per level.
                   A        B        C        D        E       F      G
               +--------+--------+--------+--------+--------+-----+--------+
         Total |   2624 |   2597 |     27 |    531 |   1802 |   3 |  874.7 |
       Dungeon |   2624 |   2597 |     27 |    531 |   1802 |   3 |  874.7 |
               +--------+--------+--------+--------+--------+-----+--------+

Top non-repeatable levels by time:
     D:2: 1145 daAuts
     D:3: 753 daAuts
     D:1: 725 daAuts
